 Dungeon Crawl Stone Soup version 0.18-a0-1485-g189885c (webtiles) character file.

6061 namelastname112 the Cleaver (level 10, -12/126 HPs)
             Began as a Yellow Draconian Wanderer on Mar 3, 2016.
             Was an Initiate of Gozag.
             Killed from afar by namelastname112's ghost (30 damage)
             ... with a bolt of negative energy
             ... on level 10 of the Dungeon.
             The game lasted 00:11:57 (8847 turns).

namelastname112 the Cleaver (DrWn)                  Turns: 8847, Time: 00:11:57

Health: -12/126    AC: 10    Str: 18    XL:     10   Next: 57%
Magic:  10/10      EV: 14    Int: 16    God:    Gozag
Gold:   1156       SH:  0    Dex: 10    Spells: 0 memorised, 9 levels left

rFire  . . .     SeeInvis .     o - +1 war axe (chop)
rCold  . . .     Gourm    .     (armour unavailable)
rNeg   . . .     Faith    .     (no shield)
rPois  .         Spirit   .     H - +1 hat
rElec  .         Dismiss  .     y - +0 cloak
rCorr  +         Reflect  .     (no gloves)
SustAt .         Harm     .     w - +0 pair of boots
MR     .....     Rnd*Tele +     (no amulet)
Stlth  ..........               (no ring)
                                n - +3 ring of slaying

@: berserking, lethally poisoned (-12 -> -15), very slightly contaminated,
heavily drained, very quick, not resistant to hostile enchantments, extremely
unstealthy
A: spit acid, acid resistance, unfitting armour, frail 1, teleportitis 1, weak
1, cold-blooded, AC +7
a: Spit Acid, Potion Petition, Call Merchant, Bribe Branch, Renounce Religion


You were on level 10 of the Dungeon.
You worshipped Gozag.
Gozag was noncommittal.
You were not hungry.

You visited 2 branches of the dungeon, and saw 13 of its levels.

You collected 1261 gold pieces.
You paid 105 gold pieces to Gozag.

Inventory:

Hand Weapons
 g - a +0 blowgun
 o - a +1 war axe of chopping (weapon)
Missiles
 h - 40 poisoned needles
Armour
 w - a +0 pair of boots (worn)
 y - a +0 cloak (worn)
 H - a +1 hat (worn)
Jewellery
 n - a +3 ring of slaying (left hand)
 s - an uncursed ring of wizardry
Wands
 u - a wand of flame (23/48)
 B - a wand of acid (3/15)
 J - a wand of iceblast (9/15)
Scrolls
 c - 2 scrolls of enchant armour {unknown}
 d - 3 scrolls of teleportation
 e - a scroll of random uselessness {unknown}
 l - a scroll of recharging {unknown}
 p - 2 scrolls of remove curse {unknown}
 q - a scroll of amnesia {unknown}
 r - a scroll of fear {unknown}
 x - 2 scrolls of blinking {unknown}
 C - 2 scrolls of fog {unknown}
 D - a scroll of magic mapping {unknown}
 E - a scroll of noise {unknown}
 G - a scroll of holy word {unknown}
Potions
 a - 2 potions of might
 b - a potion of curing
 i - 3 potions of haste
 j - a potion of heal wounds {unknown}
 k - 3 potions of resistance {unknown}
 t - a potion of agility
 v - a potion of brilliance {unknown}
 z - 2 potions of magic {unknown}
 A - 3 potions of flight {unknown}
 K - a potion of ambrosia {unknown}
Comestibles
 f - 9 bread rations
 I - 6 beef jerkies


   Skills:
 + Level 10.5(8.1) Fighting
 * Level 10.6(8.2) Axes
 - Level 1.0(0.0) Throwing
 * Level 9.2(6.9) Dodging
 - Level 1.0(0.0) Stealth


You had 9 spell levels left.
You didn't know any spells.

Dungeon Overview and Level Annotations

Branches:
Dungeon (12/15)            Temple (1/1) D:6            Lair (0/8) D:11
    Orc (0/2) D:10

Altars:
Ashenzari
Cheibriados
Dithmenos
Gozag
Makhleb
Nemelex Xobeh
Pakellas
Ru
Sif Muna
Trog
Vehumet
Xom
Yredelemnul
Zin

Annotations:
D:10 namelastname112's ghost, journeyman DrWn


Innate Abilities, Weirdness & Mutations

You can spit globs of acid.
You are resistant to acid.
Your golden yellow scales are hard (AC +7).
Your body does not fit into most forms of armour.
You are cold-blooded and may be slowed by cold attacks.
You are frail (-10% HP).
You are occasionally teleported next to monsters.
You are weak. (Str -2)


Message History

You flicker back into view.
Namelastname112's ghost hits you but does no damage.
You are poisoned.
You barely miss namelastname112's ghost.
Your tail-slap misses namelastname112's ghost.
Namelastname112's ghost is lightly damaged.
You hit the hill giant.
The hill giant is lightly wounded.
You feel sick.
The hill giant hits you with a giant spiked club!!
* * * LOW HITPOINT WARNING * * *
You hit namelastname112's ghost but do no damage.
Namelastname112's ghost is lightly damaged.
You hit the hill giant.
The hill giant is lightly wounded.
You feel sick.
Namelastname112's ghost breathes negative energy at you.
The bolt of negative energy hits you!
You feel drained.
You die...
Your body crumbles into a pile of gold.

############################
............................
......................###...
...............$......# #...
...............####...# #...
.........C............# #...
........####W.........###...
...........@C...............
.......>....................
............................
.........###'###########....
..######.#........... #....
. #.#........... #....
..#........... #.###
..#........... #..
...####'#####


You could see a hill giant and namelastname112's ghost.

Vanquished Creatures
  Psyche (D:10)
  A guardian serpent (D:10)
  A gargoyle (D:12)
  The ghost of Amnesiac the Sneak, a novice FoEE of Gozag (D:7)
  2 slime creatures (D:12)
  2 wyverns
  A hippogriff (D:6)
  3 orc warriors
  A black bear (D:9)
  An ice beast (D:8)
  A phantom (D:4)
  A wasp (D:7)
  2 ogres (D:9)
  A big kobold (D:8)
  A wyvern zombie (D:9)
  7 giant frogs
  A water moccasin zombie (D:6)
  A gnoll sergeant (D:7)
  3 scorpions
  6 killer bees (D:7)
  A howler monkey (D:6)
  5 crimson imps
  7 hounds
  2 giant frog zombies
  3 centaur skeletons
  2 centaur zombies
  4 jellies
  5 orc priests
  2 giant frog skeletons
  3 iguanas
  7 orc wizards
  Ijyb (D:3)
  7 worker ants
  2 hound zombies
  3 hound skeletons
  A worker ant zombie (D:3)
  9 gnolls
  9 adders
  4 shadow imps
  An ooze (D:6)
  2 adder skeletons
  3 worms
  2 dart slugs
  2 giant geckos
  37 orcs
  5 bats
  4 giant cockroaches
  9 goblins
  7 hobgoblins
  15 jackals
  9 quokkas
  A giant cockroach zombie (D:6)
  9 giant newts
  17 kobolds
  12 rats
250 creatures vanquished.

Vanquished Creatures (others)
  A boulder beetle (D:4)
1 creature vanquished.

Grand Total: 251 creatures vanquished

Notes
Turn   | Place    | Note
--------------------------------------------------------------
     0 | D:1      | namelastname112 the Draconian Wanderer began the quest for the Orb.
     0 | D:1      | namelastname112 set off with: a +2 hand axe, a +0 hand crossbow, 22 bolts, a scroll of teleportation, a bread ration
     0 | D:1      | Reached XP level 1. HP: 16/16 MP: 1/1
   145 | D:1      | Reached XP level 2. HP: 18/23 MP: 2/2
   167 | D:1      | Reached skill level 1 in Dodging
   806 | D:1      | Reached XP level 3. HP: 25/29 MP: 3/3
  1355 | D:2      | Reached XP level 4. HP: 16/37 MP: 4/4
  1884 | D:3      | Noticed Ijyb
  1892 | D:3      | Killed Ijyb
  1892 | D:3      | Reached XP level 5. HP: 45/45 MP: 5/5
  2436 | D:4      | Noticed a phantom
  2458 | D:4      | Killed a phantom
  2458 | D:4      | Reached XP level 6. HP: 32/52 MP: 6/6
  3112 | D:4      | Found an oddly glowing altar of Pakellas.
  3113 | D:4      | Noticed a boulder beetle
  3125 | D:4      | Killed a boulder beetle
  3202 | D:5      | Entered Level 5 of the Dungeon
  3309 | D:5      | Reached skill level 5 in Fighting
  3309 | D:5      | Your scales start taking on a golden yellow colour.
  3309 | D:5      | Reached XP level 7. HP: 59/61 MP: 7/7
  3513 | D:5      | Found a deep blue altar of Sif Muna.
  3567 | D:6      | Found a shattered altar of Ashenzari.
  3589 | D:6      | Noticed a hippogriff
  3594 | D:6      | Killed a hippogriff
  3722 | D:6      | Reached XP level 8. HP: 27/71 MP: 8/8
  4168 | D:6      | Found a glowing silver altar of Zin.
  4223 | D:6      | Reached skill level 5 in Dodging
  4447 | D:6      | Found a staircase to the Ecumenical Temple.
  4543 | Temple   | Entered the Ecumenical Temple
  4553 | Temple   | Became a worshipper of Gozag Ym Sagoz the Greedy
  4827 | D:6      | Found a sacrificial altar of Ru.
  4827 | D:6      | Found a snail-covered altar of Cheibriados.
  5282 | D:7      | Found a shimmering altar of Xom.
  5581 | D:7      | Reached XP level 9. HP: 81/81 MP: 9/9
  5587 | D:7      | Noticed Amnesiac's ghost (novice FoEE)
  5602 | D:7      | Killed Amnesiac's ghost
  6327 | D:8      | Gained mutation: You are frail (-10% HP). [potion of mutation]
  6327 | D:8      | Gained mutation: You are occasionally teleported next to monsters. [potion of mutation]
  6327 | D:8      | Gained mutation: You are weak. (Str -2) [potion of mutation]
  6694 | D:9      | You fall through a shaft for 3 floors!
  6778 | D:12     | Reached skill level 10 in Fighting
  6778 | D:12     | Reached XP level 10. HP: 34/83 MP: 10/10
  7137 | D:12     | Noticed a gargoyle
  7169 | D:12     | Killed a gargoyle
  7169 | D:12     | Reached skill level 10 in Axes
  7237 | D:12     | HP: 3/83 [komodo dragon (shapeshifter) (22)]
  7250 | D:12     | Noticed an octopode
  7250 | D:12     | a komodo dragon changed into an octopode
  7285 | D:11     | Noticed a green ugly thing
  7285 | D:11     | Noticed a manticore
  7286 | D:11     | HP: 3/83 [green ugly thing (16)]
  7297 | D:11     | Found a staircase to the Lair.
  7308 | D:11     | Noticed a seven-headed hydra
  7320 | D:10     | Entered Level 10 of the Dungeon
  7956 | D:10     | Noticed a hill giant
  8378 | D:9      | Found a shadowy altar of Dithmenos.
  8515 | D:10     | Noticed a guardian serpent
  8540 | D:10     | Noticed Psyche
  8552 | D:10     | Killed Psyche
  8694 | D:10     | Killed a guardian serpent
  8726 | D:10     | Found a staircase to the Orcish Mines.
  8798 | D:10     | Noticed namelastname112's ghost (journeyman DrWn)
  8847 | D:10     | Killed from afar by namelastname112's ghost

Vault maps used:
D:1:      nicolae_arrival_washed_ashore, grunt_decor_mini_mirrors
D:2:      first_bread
D:3:      wad_crossroads, uniq_iyjb
D:4:      gammafunk_pakellas_spire_experiment
D:5:      led_sif_pool, hangedman_decor_lopped
D:6:      lemuel_coloured_pillars_altar, ashenzari_altar_1,
          gammafunk_temple_overflow_statue, minmay_temple_entry_fiery,
          hex_medium
D:7:      kennysheep_mini_moat
D:9:      kennysheep_mini, minivault_26, grunt_ogre_cave
D:10:     david_orc_2, nrook_guardian_serpent_double, uniq_psyche
D:11:     dpeg_oklobed_lair
D:12:     minmay_crescents, kennysheep_nondescript
Temple:   temple_eino_lava_12

Skill      XL: |  1  2  3  4  5  6  7  8  9 10 |
---------------+-------------------------------+-----
Dodging        | 1 2 3 4 6 8 9 |  9.2
Fighting       | 2 3 4 5 6 8 10 | 10.5
Axes           | 8 9 10 | 10.6
Throwing       | |  1.0
Stealth        | |  1.0

Action                   |  1- 3 |  4- 6 |  7- 9 | 10-12 || total
-------------------------+-------+-------+-------+-------++-------
Melee: Hand axe          |   132 |    20 |       |       ||   152
       War axe           |       |   113 |   289 |   135 ||   537
Invok: Potion Petition   |       |       |       |     1 ||     1
 Abil: Spit Acid         |       |       |       |     3 ||     3
  Use: Scroll            |       |       |     6 |       ||     6
       Potion            |       |       |     1 |     5 ||     6
 Stab: Sleeping          |       |     4 |       |       ||     4
       Distracted        |       |       |     3 |       ||     3
  Eat: Chunk             |     1 |     7 |     3 |       ||    11
       Beef jerky        |       |       |     1 |     1 ||     2
       Pizza             |       |       |     1 |       ||     1
       Fruit             |       |       |     5 |       ||     5
       Meat ration       |       |       |       |     2 ||     2
